 Dungeon Crawl Stone Soup version 0.29.1-15-g9cfb28693d (webtiles) character file.

Game seed: 15703093896794007740

24801 CatalinOSBI the Severer (level 12, -7/168 HPs)
             Began as a Minotaur Berserker on Apr 5, 2023.
             Was an Elder of Trog.
             Killed from afar by a deep elf zephyrmancer (28 damage)
             ... with a bolt of lightning
             ... on level 1 of the Elven Halls on Apr 6, 2023.
             The game lasted 01:22:02 (17896 turns).

CatalinOSBI the Severer (Minotaur Berserker)       Turns: 17896, Time: 01:22:02

Health: -7/168     AC: 34    Str: 27    XL:     12   Next: 83%
Magic:  11/11      EV:  2    Int:  1    God:    Trog [****..]
Gold:   908        SH:  0    Dex: 10    Spells: 11/11 levels left

rFire   . . .      SeeInvis .   k - +3 broad axe (vorpal)
rCold   . . .      Faith    .   (no shield)
rNeg    . . .      Spirit   .   (body armour currently unavailable)
rPois   +          Reflect  .   (helmet currently unavailable)
rElec   .          Harm     .   (cloak currently unavailable)
rCorr   .          Rampage  .   (gloves currently unavailable)
Will    ++++.      Rage     50% (boots currently unavailable)
Stlth   +......... NoTele   +   y - necklace of Bloodlust {*Rage Will++ Int-3 Slay+6}
HPRegen 1.38/turn               r - +4 ring of protection
MPRegen 0.12/turn               u - +4 ring of protection

@: mighty, tree-form, strong-willed, on berserk cooldown, regenerating, slowed,
very slow
A: stationary, stasis, torment immunity, boosted hp, (horns 2), (retaliatory
headbutt)
a: Renounce Religion, Berserk, Trog's Hand, Brothers in Arms


You were on level 1 of the Elven Halls.
You worshipped Trog.
Trog was greatly pleased with you.
You were a tree.
You visited 3 branches of the dungeon, and saw 12 of its levels.

You collected 908 gold pieces.

Inventory:

Hand Weapons
 a - a +1 antimagic war axe
 g - a +4 scimitar of holy wrath
 k - a +3 vorpal broad axe (weapon)
 m - a +0 vorpal shortbow
 v - a +3 war axe
Missiles
 f - 3 throwing nets (quivered)
Armour
 d - a +2 ring mail of cold resistance
 n - a +0 plate armour (melded)
 s - the +1 pair of boots "Tiotasm" (melded) {Fly Int+3}
   (You acquired it on level 7 of the Dungeon)

   Int:       It affects your intelligence (+3).
   Fly:       It grants you flight.
 t - a +0 cloak (melded)
 B - a +0 troll leather armour
Jewellery
 j - a ring of ice
 r - a +4 ring of protection (left branch)
 u - a +4 ring of protection (right branch)
 y - the necklace of Bloodlust (around neck) {*Rage Will++ Int-3 Slay+6}
   (You found it on level 9 of the Dungeon)

   [amulet of nothing]

   It extends the wearer's berserk rage when killing foes.
   Int:       It affects your intelligence (-3).
   Slay:      It affects your accuracy & damage with ranged weapons and melee
   (+6).
   *Rage:     It berserks you when you make melee attacks (+50% chance).
   Will:      It greatly increases your willpower.
 A - a ring of fire
 C - a ring of poison resistance
Wands
 b - a wand of digging (11)
 c - a wand of flame (25)
 e - a wand of charming (4)
 i - a wand of polymorph (2)
 o - a wand of roots (16)
Scrolls
 h - 3 scrolls of teleportation
 l - 2 scrolls of vulnerability
 p - a scroll of magic mapping
 q - 5 scrolls of identify
 x - 2 scrolls of fear
Potions
 w - a potion of lignification
Miscellaneous
 D - a tin of tremorstones (2/2)


   Skills:
 - Level 12.0 Fighting
 * Level 17.3 Axes
 + Level 11.8 Armour
 + Level 7.7 Dodging
 - Level 0.2 Stealth
 - Level 6.0 Evocations


You had 11 spell levels left.
You didn't know any spells.
Your spell library was empty.

Dungeon Overview and Level Annotations

Branches:
Dungeon (9/15)             Temple (0/1) D:6             Orc (2/2) D:9
    Elf (1/3) Orc:2
   Lair: D:8-11

Altars:
Cheibriados
Dithmenos
Hepliaklqana
Kikubaaqudgha
Makhleb
Ru
Trog
Uskayaw
Vehumet
Wu Jian
The Shining One

Shops:
D:1 !   Orc:1 [   Orc:2 =(==

Annotations:
Orc:1 2 transporters, Sedotto's ghost, journeyman MiBe


Innate Abilities, Weirdness & Mutations

You are a tree.
Your roots penetrate the ground, keeping you stationary.
You cannot be teleported.
You are immune to unholy pain and torment.
Your maximum health is greatly increased.
Your equipment is partially melded.
((You have a pair of horns on your head.))
((You reflexively headbutt those who attack you in melee.))


Message History

You feel better.
The deep elf pyromancer hits you but does no damage.
The deep elf sorcerer mumbles some strange words.
The deep elf sorcerer seems to speed up.
A deep elf zephyrmancer comes into view.
It is wielding a +0 long sword.
The deep elf pyromancer hits you but does no damage.
The deep elf sorcerer hits you but does no damage.
You feel better.
The deep elf sorcerer hits you but does no damage.
The deep elf pyromancer hits you but does no damage.
The deep elf sorcerer hits you with a +0 short sword.
Your skin crawls.
You feel strong-willed.
The deep elf sorcerer hits you but does no damage.
The deep elf pyromancer hits you but does no damage.
The deep elf sorcerer hits you but does no damage.
The deep elf pyromancer gestures at you while chanting.
The sticky flame hits you.
You are covered in liquid flames!
The deep elf zephyrmancer casts a spell at you.
The bolt of lightning hits you!!
* * * LOW HITPOINT WARNING * * *
Aiming: Charm
Press: ? - help, Q - select action, (/) - cycle Shift-Dir - straight line, f - deep elf pyromancer
Aim: a deep elf pyromancer, wielding a +0 long sword (chance to affect: 47%)
Okay, then.
You cannot teleport because you are held in place by your roots.
Your skin crawls.
You feel strong-willed.
You are covered in liquid flames!
* * * LOW HITPOINT WARNING * * *
You are no longer on fire.
The deep elf sorcerer casts a spell at you.
You resist with almost no effort.
The deep elf sorcerer hits you but does no damage.
The deep elf pyromancer casts a spell.
The deep elf pyromancer blinks!
The deep elf zephyrmancer gestures at you while chanting.
The bolt of lightning hits you!!
You die...

. e####..###...## ..?
e...#...#.....# #..#
....#.........# #..##
....#.........#
#....##....#..[......#
#.e..##..###########
#....).#### ###
+...#..e§...# #.# ###
###♣##.######## #..
#..)...e......## #.#
#....#.#.#.#.#.#..# #.#
#.$................###.#
#......#.#.#.#.#...'...#
+..................##..#
#.......###.##.....##..#
.....### #.##.....##..#
.... #.#####+###..#


You could see a deep elf sorcerer (fast), a deep elf pyromancer and a deep elf
zephyrmancer.

Vanquished Creatures
  The ghost of SharpKris the Blocker, a journeyman GnFi of Makhleb (D:9)
  2 centaur warriors (Orc:2)
  3 dancing weapons (Elf:1)
  A two-headed ogre (D:9)
  An orc high priest (Orc:1)
  A deep elf knight (Elf:1)
  2 deep trolls (D:9)
  A wizard (Elf:1)
  7 deep elf pyromancers (Elf:1)
  3 deep elf zephyrmancers (Elf:1)
  3 orc knights
  2 orc sorcerers
  Joseph (D:9)
  Maurice (D:9)
  A troll (Orc:1)
  2 shadows (D:9)
  Sigmund (D:6)
  8 yaks
  A fire elemental (Elf:1)
  A basilisk (D:9)
  A steam dragon (D:8)
  2 wargs
  An acid dragon (D:9)
  A water moccasin (D:7)
  Duvessa (D:5)
  32 orc warriors
  A sky beast (D:7)
  4 ice beasts
  9 ogres
  14 centaurs
  2 boggarts (Elf:1)
  3 kobold brigands
  2 phantoms
  3 bullfrogs
  3 scorpions
  A gnoll sergeant (D:9)
  4 wights (D:9)
  Dowan (D:5)
  4 killer bees (D:8)
  A howler monkey (D:6)
  4 troll zombies (D:9)
  2 jellies
  5 gnoll boudas
  4 hounds
  11 orc priests
  4 iguanas
  8 orc wizards
  Natasha (twice) (D:2)
  4 ogre zombies (D:9)
  2 centaur simulacra (D:9)
  Robin (D:2)
  24 gnolls
  4 adders
  3 white imps
  A howler monkey simulacrum (D:9)
  An ufetubus (D:4)
  A worm (D:2)
  4 dart slugs
  51 orcs
  4 endoplasms
  6 giant cockroaches
  9 goblins
  11 hobgoblins
  5 jackals
  14 kobolds
  9 quokkas
  2 ball pythons
  9 bats
  2 frilled lizards
  2 goblin skeletons (D:9)
  3 goblin zombies (D:9)
  2 hobgoblin zombies (D:9)
  18 orc zombies (D:9)
  7 rats
372 creatures vanquished.

Vanquished Creatures (others)
  2 orcs (Orc:1)
  8 plants (D:7)
10 creatures vanquished.

Grand Total: 382 creatures vanquished

Notes
Turn   | Place    | Note
-------+----------+-------------------------------------------
     0 | D:1      | CatalinOSBI the Minotaur Berserker began the quest for the
                  | Orb.
     0 | D:1      | Reached XP level 1. HP: 19/19 MP: 0/0
   146 | D:1      | Reached XP level 2. HP: 17/27 MP: 1/1
   395 | D:1      | Found a faded altar of an unknown god.
   458 | D:1      | Found Aleqown's Distillery.
   577 | D:1      | Reached skill level 4 in Axes
   588 | D:1      | Reached ** piety under Trog
   868 | D:1      | Reached XP level 3. HP: 32/33 MP: 2/2
  1131 | D:2      | Noticed Natasha
  1139 | D:2      | Killed Natasha
  1165 | D:2      | Reached XP level 4. HP: 14/41 MP: 3/3
  1567 | D:2      | Noticed Natasha
  1572 | D:2      | Killed Natasha
  1787 | D:2      | Noticed Robin
  1797 | D:2      | Killed Robin
  1798 | D:2      | Reached XP level 5. HP: 47/47 MP: 4/4
  2592 | D:3      | Reached skill level 5 in Armour
  2687 | D:3      | Reached *** piety under Trog
  2725 | D:3      | Found a snail-covered altar of Cheibriados.
  2728 | D:3      | Found a glowing golden altar of the Shining One.
  2734 | D:3      | Found a radiant altar of Vehumet.
  2734 | D:3      | Found an ancient bone altar of Kikubaaqudgha.
  2749 | D:3      | Found a shadowy altar of Dithmenos.
  3152 | D:3      | Found a hide-covered altar of Uskayaw.
  3481 | D:4      | Found a sacrificial altar of Ru.
  3507 | D:4      | Reached skill level 5 in Fighting
  3507 | D:4      | Reached skill level 5 in Axes
  3642 | D:4      | Reached XP level 6. HP: 43/56 MP: 5/5
  4306 | D:4      | Found a bloodstained altar of Trog.
  5265 | D:5      | Entered Level 5 of the Dungeon
  5278 | D:5      | Noticed Duvessa
  5278 | D:5      | Noticed Dowan
  5293 | D:5      | Killed Duvessa
  5294 | D:5      | Reached XP level 7. HP: 62/62 MP: 6/6
  5294 | D:5      | Killed Dowan
  5602 | D:5      | Reached skill level 6 in Axes
  5664 | D:5      | Found a hazy altar of Hepliaklqana.
  5672 | D:5      | Found a burning altar of Makhleb.
  7142 | D:6      | Reached XP level 8. HP: 71/71 MP: 7/7
  7145 | D:6      | Noticed Sigmund
  7150 | D:6      | Killed Sigmund
  7151 | D:6      | Reached skill level 7 in Axes
  7350 | D:6      | Found a staircase to the Ecumenical Temple.
  7402 | D:6      | Reached skill level 10 in Armour
  7406 | D:6      | Reached skill level 8 in Axes
  7406 | D:6      | Reached XP level 9. HP: 56/81 MP: 8/8
  8609 | D:7      | Reached skill level 9 in Axes
  8998 | D:7      | Reached skill level 10 in Axes
  9571 | D:7      | Reached skill level 11 in Axes
 10471 | D:7      | Identified a scroll of acquirement
 10471 | D:7      | Acquired the +1 pair of boots "Tiotasm" {Fly Int+3}
 10539 | D:7      | Reached skill level 12 in Axes
 10539 | D:7      | Reached XP level 10. HP: 68/89 MP: 0/9
 11403 | D:9      | Reached **** piety under Trog
 11414 | D:9      | Found a staircase to the Orcish Mines.
 11476 | D:9      | Noticed Maurice
 11489 | D:9      | Killed Maurice
 11585 | D:9      | Found a runed translucent gate.
 11585 | D:9      | Found a runed translucent gate.
 11585 | D:9      | Found a runed translucent gate.
 11760 | Orc:1    | Entered Level 1 of the Orcish Mines
 11813 | Orc:1    | Noticed an orc knight
 11816 | Orc:1    | Noticed an orc sorcerer
 12193 | D:9      | Killed an orc knight
 12194 | D:9      | Reached skill level 13 in Axes
 12549 | D:9      | Noticed Joseph
 12566 | D:9      | Killed Joseph
 12880 | D:9      | Noticed SharpKris's ghost (journeyman GnFi)
 13069 | D:9      | Noticed a deep troll
 13088 | D:9      | Reached skill level 5 in Dodging
 13091 | D:9      | Reached skill level 1 in Evocations
 13118 | D:9      | Killed a deep troll
 13250 | D:9      | Noticed a deep troll
 13251 | D:9      | Found the necklace of Bloodlust {*Rage Will++ Int-3 Slay+6}
 13267 | D:9      | Killed a deep troll
 13268 | D:9      | Reached skill level 14 in Axes
 13268 | D:9      | Reached XP level 11. HP: 99/99 MP: 10/10
 13416 | D:9      | Reached skill level 10 in Fighting
 13457 | D:9      | Noticed a two-headed ogre
 13466 | D:9      | Killed a two-headed ogre
 13610 | D:9      | Found an ornate altar of the Wu Jian Council.
 13785 | D:9      | Killed SharpKris's ghost
 13882 | Orc:1    | Noticed an orc sorcerer
 14256 | Orc:1    | Noticed an orc high priest
 14262 | D:9      | Killed an orc sorcerer
 14498 | Orc:1    | Killed an orc sorcerer
 14501 | Orc:1    | Reached skill level 15 in Axes
 14506 | Orc:1    | Killed an orc high priest
 14519 | Orc:1    | Noticed an orc knight
 14755 | Orc:1    | Killed an orc knight
 14791 | Orc:1    | Noticed a two-headed ogre
 14791 | Orc:1    | Noticed an orc knight
 14804 | Orc:1    | Noticed Sedotto's ghost (journeyman MiBe)
 14810 | Orc:1    | Found a transporter.
 14811 | Orc:1    | Found a bloodstained altar of Trog.
 14814 | Orc:1    | Noticed a two-headed ogre
 14815 | Orc:1    | Found Olaor's Antique Armour Shop.
 14852 | Orc:1    | Noticed an ettin
 14911 | Orc:1    | Found a transporter.
 15092 | Orc:2    | Entered Level 2 of the Orcish Mines
 15107 | Orc:2    | Found a staircase to the Elven Halls.
 15121 | Orc:2    | Noticed a centaur warrior
 15224 | Orc:2    | Noticed a centaur warrior
 15230 | Orc:2    | Killed a centaur warrior
 15241 | Orc:2    | Killed a centaur warrior
 15292 | Orc:2    | Noticed an orc knight
 15476 | Orc:2    | Killed an orc knight
 15477 | Orc:2    | Reached skill level 16 in Axes
 15477 | Orc:2    | Reached XP level 12. HP: 110/110 MP: 11/11
 15483 | Orc:2    | Reached ***** piety under Trog
 15794 | Orc:2    | Reached skill level 5 in Evocations
 16132 | Orc:2    | Received a gift from Trog
 16669 | Orc:2    | Found Resofiro's Jewellery Shoppe.
 16669 | Orc:2    | Found Castyzum's Weapon Shop.
 16669 | Orc:2    | Found Dafenn's Jewellery Boutique.
 16672 | Orc:2    | Found Kotuucoda's Jewellery Emporium.
 16859 | Elf:1    | Entered Level 1 of the Elven Halls
 17766 | Elf:1    | Reached skill level 17 in Axes
 17879 | Elf:1    | Noticed a deep elf sorcerer
 17896 | Elf:1    | Killed from afar by a deep elf zephyrmancer

Illustrated notes

Levels and vault maps discovered:
D:1:      saegor_arrival_simple_a, layout_loops_cross, serial_shops,
          nicolae_diamond_shop, chequers_ecumenical_altar_twisty
D:2:      layout_basic, uniq_robin, uniq_natasha
D:3:      layout_loops_ring, nicolae_uskayaw_suspiria,
          minmay_overflow_temple_star_hex
D:4:      layout_rooms, mainiacjoe_overflow_concentric_impassable,
          mainiacjoe_overflow_paths, nicolae_concentric_dashed_squares_mild
D:5:      layout_loops_corners, mainiacjoe_overflow_catwalk_spiral, uniq_duvessa
D:6:      mumra_celtic_spiral_tile, layout_loops_cross,
          minmay_temple_entry_wispy, uniq_sigmund
D:7:      kennysheep_seaside_town, layout_loops_ring
D:8:      layout_basic
D:9:      layout_roguey, old_standard_altar, zombieorc2_lemuel,
          gammafunk_ghost_icy, hellmonk_guarded_unrand_vitality_bloodlust,
          uniq_joseph, uniq_maurice
Orc:1:    dreamdust_wu_jian_sword_trials, layout_diamond_mine,
          gammafunk_ghost_wrathful_warriors, portal_ice_cave_entry_pillars_2,
          serial_shops, nicolae_shop_statue_plus, nicolae_orc_tapped_out
Orc:2:    st_orc_rangers, layout_caves
Elf:1:    layout_gridlike, hangedman_elf_disciples, minmay_misc_feat_pillars

Skill      XL: |  1  2  3  4  5  6  7  8  9 10 11 12 |
---------------+-------------------------------------+-----
Armour         | 3 4 5 6 8 10 11 | 11.8
Fighting       | 4 5 6 8 9 11 12 | 12.0
Axes           | 4 5 6 8 12 14 16 17 | 17.3
Dodging        | 5 6 7 |  7.7
Evocations     | 1 4 6 |  6.0
Stealth        | |  0.2

Action                   |  1- 3 |  4- 6 |  7- 9 | 10-12 || total
-------------------------+-------+-------+-------+-------++-------
Melee: Hand axe          |    63 |    51 |       |       ||   114
       Headbutt          |     6 |    19 |    48 |    81 ||   154
       Punch             |     3 |     1 |     2 |     4 ||    10
       War axe           |       |    83 |   227 |   354 ||   664
       Broad axe         |       |       |       |    84 ||    84
 Fire: Shortbow          |       |       |       |     3 ||     3
Invok: Berserk           |     1 |     3 |     5 |    10 ||    19
       Trog's Hand       |       |     1 |       |     7 ||     8
Evoke: Wand              |       |       |     3 |     2 ||     5
  Use: Scroll            |       |    10 |     3 |     6 ||    19
       Potion            |       |     4 |     7 |     9 ||    20
 Stab: Distracted        |       |       |       |     1 ||     1
Armor: Animal skin       |     7 |       |       |       ||     7
       Leather armour    |       |    35 |       |       ||    35
       Ring mail         |       |    15 |   105 |       ||   120
       Chain mail        |       |    10 |       |       ||    10
       Plate armour      |       |       |    21 |   246 ||   267
       Skin              |       |       |       |    23 ||    23
       Troll leather arm |       |       |       |     5 ||     5
Dodge: Dodged            |    40 |    74 |   133 |   187 ||   434
